 Dungeon Crawl Stone Soup version 0.19.1 (webtiles) character file.

11738 esteth the Spear-Bearer (level 11, -12/91 HPs)
             Began as a Demonspawn Chaos Knight on Dec 21, 2016.
             Mangled by an alligator simulacrum (26 damage)
             ... in an ice cave on Dec 22, 2016.
             The game lasted 00:38:07 (10816 turns).

esteth the Spear-Bearer (Demonspawn Chaos Knight)  Turns: 10816, Time: 00:38:08

Health: -12/91     AC: 22    Str: 22    XL:     11   Next: 53%
Magic:  9/9        EV:  9    Int: 16    God:    Xom [*.....]
Gold:   662        SH:  0    Dex: 14    Spells: 0 memorised, 10 levels left

rFire  + . .     SeeInvis +     P - +7 bardiche (chop)
rCold  . . .     Gourm    .     K - +5 plate armour {rF+}
rNeg   + . .     Faith    .     (shield currently unavailable)
rPois  .         Spirit   .     (helmet restricted)
rElec  .         Reflect  .     (no cloak)
rCorr  .         Harm     .     (gloves unavailable)
MR     .....     Rnd*Rage +     (no boots)
Stlth  ..........               (no amulet)
                                U - +2 ring of protection (curse)
                                l - ring "Ucos" {rN+ Str+4 Int+4 SInv Stlth-}

@: about to teleport
A: claws 3, horns 2, molten scales 1, agile 1, berserk 1, dopey 1, low mp 1,
nightstalker 2, robust 1, screaming 1, shaggy fur 1, strong 1, wild magic 1
a: Renounce Religion


You were in an ice cave.
You worshipped Xom.
You were a special plaything of Xom.
You were not hungry.

You visited 2 branches of the dungeon, and saw 12 of its levels.
You also visited: Ice Cave.

You collected 662 gold pieces.

Inventory:

Hand Weapons
 a - a +0 spear of chaos
 d - a +2 trident
 P - a +7 bardiche of chopping (weapon)
Armour
 h - a +0 helmet
 I - a +0 plate armour
 K - a +5 plate armour of fire resistance (worn)
 O - a +0 large shield
Jewellery
 i - an uncursed ring of positive energy
 l - the ring "Ucos" (left claw) {rN+ Str+4 Int+4 SInv Stlth-}
   (You found it on level 6 of the Dungeon)

   [ring of loudness]

   It affects your strength (+4).
   It affects your intelligence (+4).
   It protects you from negative energy.
   It lets you see invisible.
   It makes you less stealthy.
 p - an uncursed ring of positive energy
 t - an uncursed ring of stealth
 y - an uncursed ring of see invisible
 A - an uncursed ring of poison resistance
 D - a ring of the Octopus King {Wiz AC+1 EV+1 Str+1 Int+1 Dex+1, unknown}
   (You found it on level 8 of the Dungeon)

   [ring of wizardry]

   It improves your spell success rate.
   It affects your AC (+1).
   It affects your evasion (+1).
   It affects your strength (+1).
   It affects your intelligence (+1).
   It affects your dexterity (+1).
 U - a cursed +2 ring of protection (right claw)
Wands
 e - a wand of disintegration (15/24)
 j - a wand of lightning (8/15)
 r - a wand of disintegration (19/24)
 L - a wand of confusion (17/48)
 S - a wand of random effects (20/48)
 T - a wand of lightning (4/15)
Scrolls
 f - a scroll of fear
 s - 2 scrolls of enchant weapon
 w - 3 scrolls of magic mapping
 x - 5 scrolls of blinking
 B - 4 scrolls of remove curse
 C - 2 scrolls of teleportation
 E - 5 scrolls of recharging
 F - 6 scrolls of identify
 R - 2 scrolls of amnesia
Potions
 b - a potion of might
 g - a potion of resistance
 k - a potion of magic
 o - 2 potions of curing
 q - 2 potions of flight
 H - a potion of experience
 J - a potion of degeneration
 Q - 2 potions of invisibility
Books
 v - a book of Misfortune

   Spells                             Type                      Level
   a - Confusing Touch                Hexes                        1
   b - Confuse                        Hexes                        3
   c - Gell's Gravitas                Hexes/Translocation          3
   d - Petrify                        Transmutation/Earth          4
   e - Metabolic Englaciation         Hexes/Ice                    5
   f - Yara's Violent Unravelling     Hexes/Transmutation          5
 G - a book of Necromancy

   Spells                             Type                      Level
   a - Pain                           Necromancy                   1
   b - Animate Skeleton               Necromancy                   1
   c - Vampiric Draining              Necromancy                   3
   d - Regeneration                   Charms/Necromancy            3
   e - Animate Dead                   Necromancy                   4
   f - Control Undead                 Necromancy                   4
 V - a book of Debilitation

   Spells                             Type                      Level
   a - Corona                         Hexes                        1
   b - Slow                           Hexes                        2
   c - Gell's Gravitas                Hexes/Translocation          3
   d - Inner Flame                    Hexes/Fire                   3
   e - Cause Fear                     Hexes                        4
   f - Leda's Liquefaction            Hexes/Earth                  4
 W - a book of Frost

   Spells                             Type                      Level
   a - Freeze                         Ice                          1
   b - Throw Frost                    Conjuration/Ice              2
   c - Ozocubu's Armour               Charms/Ice                   3
   d - Throw Icicle                   Conjuration/Ice              4
   e - Summon Ice Beast               Ice/Summoning                4
Comestibles
 c - 4 bread rations
 m - 2 meat rations
 n - 5 fruits
 u - 4 beef jerkies
 z - a royal jelly
 N - 9 slices of pizza


   Skills:
 + Level 6.8 Fighting
 * Level 13.8 Polearms
 + Level 5.7 Armour
 + Level 5.5 Dodging
 - Level 3.8 Shields
 - Level 1.9 Unarmed Combat


You had 10 spell levels left.
You didn't know any spells.

Dungeon Overview and Level Annotations

Branches:
Dungeon (11/15)            Temple (0/1) D:5            Lair (1/6) D:11
    Orc: D:9-12

Altars:
Cheibriados
Dithmenos
Fedhas
Hepliaklqana
Kikubaaqudgha
Makhleb
Nemelex Xobeh
Okawaru
Ru
Uskayaw
Xom
Yredelemnul

Shops:
D:4 =


Innate Abilities, Weirdness & Mutations

You have claws for hands.
You are partially covered in molten scales. (AC +2)
You are significantly more attuned to the shadows.
You have a pair of horns on your head.
You are agile. (Dex +2)
You tend to lose your temper in combat.
You are dopey. (Int -2)
Your magical capacity is low. (-10% MP)
You are robust. (+10% HP)
You occasionally shout uncontrollably at your foes.
You are covered in fur. (AC +1)
Your muscles are strong. (Str +2)
Your spells are a little harder to cast, but a little more powerful.


Message History

The swamp dragon simulacrum freezes you!!
The swamp dragon simulacrum claws you.
The swamp dragon simulacrum freezes you!!
* * * LOW HITPOINT WARNING * * *
The swamp dragon simulacrum tramples you but does no damage.
You are too injured to fight recklessly!
There is an ice covered gate leading back out of this place here.
As you read the scroll of teleportation, it crumbles to dust.
You feel strangely unstable.
You feel much better.
The swamp dragon simulacrum barely misses you.
The swamp dragon simulacrum claws you but does no damage.
The swamp dragon simulacrum tramples you.
The swamp dragon simulacrum freezes you!
* * * LOW HITPOINT WARNING * * *
The alligator simulacrum bites you.
* * * LOW HITPOINT WARNING * * *
The alligator simulacrum freezes you!!
You die...
Xom cackles wildly!

#### #
##..##
..##....##
......Z..#
.....ZZ@.#
##.......#
###....##
##..##
####


You could see an alligator simulacrum, a death yak simulacrum and a swamp dragon
simulacrum.

Vanquished Creatures
  A hill giant (D:11)
  A cyclops (D:11)
  Joseph (D:9)
  Psyche (D:8)
  The ghost of esteth the Chopper, a novice FoAK of Lugonu (D:5)
  A komodo dragon (D:11)
  A hornet (D:7)
  2 hippogriffs
  6 yaks
  A human (D:8)
  Menkaure (D:5)
  2 hungry ghosts (D:7)
  A soldier ant (D:10)
  A water moccasin (Lair:1)
  4 ice beasts
  2 orc warriors (D:11)
  A porcupine (Lair:1)
  3 sky beasts
  4 ogres
  5 centaurs
  A phantom (D:4)
  A necrophage (D:5)
  The ghost of Philosophy the Sneak, an amateur OpAs (D:3)
  2 crocodiles
  4 bullfrogs
  A water moccasin zombie (D:6)
  A wyvern zombie (D:9)
  2 scorpions
  9 wights
  7 killer bees
  4 howler monkeys
  2 crimson imps
  2 bullfrog zombies
  6 jellies
  8 orc priests
  7 hounds
  A bullfrog skeleton (D:8)
  An iron imp (D:9)
  An iguana (D:9)
  9 orc wizards
  A polar bear simulacrum (IceCv)
  7 worker ants
  2 hound skeletons (D:5)
  A worker ant zombie (D:6)
  4 gnolls (D:6)
  7 adders
  4 river rats (D:11)
  5 shadow imps
  12 white imps (Lair:1)
  An ooze (D:3)
  2 adder skeletons
  An adder zombie (D:6)
  2 worms (D:2)
  3 dart slugs
  4 leopard geckos
  38 orcs
  18 bats
  9 giant cockroaches
  7 goblins
  10 hobgoblins
  13 jackals
  4 quokkas
  4 frilled lizards
  8 kobolds
  A quokka skeleton (D:7)
  14 rats
292 creatures vanquished.

Vanquished Creatures (collateral kills)
  An ogre (D:5)
  A crimson imp (D:7)
  An orc wizard (D:3)
  2 orcs
5 creatures vanquished.

Vanquished Creatures (others)
  A dancing weapon (D:5)
  A fungus (D:11)
2 creatures vanquished.

Grand Total: 299 creatures vanquished

Notes
Turn   | Place    | Note
-------+----------+-------------------------------------------
     0 | D:1      | esteth the Demonspawn Chaos Knight began the quest for the Orb.
     0 | D:1      | Reached XP level 1. HP: 18/18 MP: 1/1
    76 | D:1      | Reached skill level 3 in Polearms
    78 | D:1      | XOM: silly message
   344 | D:1      | XOM: harmless Fire miscast
   420 | D:1      | Gained mutation: You are partially covered in molten scales. (AC +2) [demonic ancestry]
   420 | D:1      | Reached XP level 2. HP: 17/24 MP: 2/2
   887 | D:1      | XOM: divination: magic mapping
   943 | D:2      | XOM: harmless Divn miscast
  1103 | D:2      | Gained mutation: You have sharp fingernails. [demonic ancestry]
  1103 | D:2      | Reached XP level 3. HP: 29/29 MP: 3/3
  1193 | D:2      | Reached skill level 4 in Polearms
  1368 | D:2      | XOM: harmless Chrm miscast
  1542 | D:3      | Noticed Philosophy's ghost (amateur OpAs)
  1555 | D:3      | Killed Philosophy's ghost
  1555 | D:3      | Reached skill level 5 in Polearms
  1555 | D:3      | Gained mutation: You are slightly more attuned to the shadows. [demonic ancestry]
  1555 | D:3      | Reached XP level 4. HP: 29/35 MP: 4/4
  1579 | D:3      | Found a hazy altar of Hepliaklqana.
  1581 | D:3      | Found a shimmering altar of Xom.
  1581 | D:3      | Noticed a hell beast
  1582 | D:3      | Noticed a spectral ugly thing
  1582 | D:3      | Noticed a hell beast
  1754 | D:3      | Reached XP level 5. HP: 40/41 MP: 5/5
  1959 | D:3      | XOM: harmless Hex miscast
  1973 | D:3      | XOM: give mutations
  1973 | D:3      | Gained mutation: You are dopey. (Int -2) [Xom's mischief]
  1973 | D:3      | Gained mutation: You tend to lose your temper in combat. [Xom's mischief]
  1973 | D:3      | Gained mutation: You occasionally shout uncontrollably at your foes. [Xom's mischief]
  1973 | D:3      | Gained mutation: You can translocate small distances at will. [Xom's mischief]
  2256 | D:3      | XOM: enchant monster (bad)
  2257 | D:3      | Reached skill level 1 in Dodging
  2260 | D:3      | XOM: confuse monster(s)
  2261 | D:3      | XOM: cast spell 'Statue Form'
  2268 | D:3      | XOM: confusion (+ monsters)
  2276 | D:3      | XOM: summons friendly white imp
  2418 | D:3      | XOM: give mutation
  2418 | D:3      | Lost mutation: You can translocate small distances at will. [Xom's mischief]
  2697 | D:4      | XOM: scenery: create altars
  2704 | D:4      | Reached XP level 6. HP: 33/47 MP: 6/6
  2815 | D:4      | Found Leikaps's Jewellery Boutique.
  3183 | D:4      | XOM: cast spell 'Metabolic Englaciation'
  3237 | D:4      | XOM: cleaving
  3260 | D:4      | Reached skill level 6 in Polearms
  3329 | D:4      | Gained mutation: You have very sharp fingernails. [demonic ancestry]
  3329 | D:4      | Reached XP level 7. HP: 51/53 MP: 7/7
  3371 | D:4      | Reached skill level 1 in Unarmed Combat
  3443 | D:4      | XOM: harmless Tloc miscast
  3831 | D:4      | XOM: severe Fire miscast
  3855 | D:5      | Entered Level 5 of the Dungeon
  3855 | D:5      | Noticed esteth's ghost (novice FoAK)
  3872 | D:5      | XOM: repel stairs
  3885 | D:5      | XOM: potion effect (agility)
  3904 | D:5      | XOM: cast spell 'Hydra Form'
  3905 | D:5      | Killed esteth's ghost
  3968 | D:5      | Reached XP level 8. HP: 50/61 MP: 8/8
  3992 | D:5      | Reached skill level 7 in Polearms
  4029 | D:5      | XOM: divination: detect creatures
  4057 | D:5      | Found a staircase to the Ecumenical Temple.
  4070 | D:5      | Noticed Menkaure
  4080 | D:5      | Killed Menkaure
  4183 | D:5      | Found an iron altar of Okawaru.
  4183 | D:5      | Found a shadowy altar of Dithmenos.
  4320 | D:5      | XOM: 7-stop teleportation journey
  4334 | D:5      | XOM: give mutations
  4334 | D:5      | Gained mutation: You are covered in fur. (AC +1) [Xom's grace]
  4334 | D:5      | Gained mutation: You have a pair of small horns on your head. [Xom's grace]
  4334 | D:5      | Lost mutation: You are dopey. (Int -2) [Xom's grace]
  4334 | D:5      | Gained mutation: You are agile. (Dex +2) [Xom's grace]
  4369 | D:5      | XOM: give mutations
  4369 | D:5      | Gained mutation: You have a pair of horns on your head. [Xom's grace]
  4369 | D:5      | Gained mutation: Your spells are a little harder to cast, but a little more powerful. [Xom's grace]
  4380 | D:5      | XOM: give mutation
  4380 | D:5      | Gained mutation: You are dopey. (Int -2) [Xom's mischief]
  4843 | D:5      | XOM: cloud trail
  5011 | D:5      | XOM: give mutation
  5011 | D:5      | Gained mutation: Your muscles are strong. (Str +2) [Xom's grace]
  5104 | D:5      | XOM: confuse monster(s)
  5105 | D:5      | XOM: polymorph worker ant -> howler monkey
  5107 | D:5      | Reached skill level 5 in Fighting
  5524 | D:5      | XOM: scenery: create altars
  5586 | D:6      | Found a burning altar of Makhleb.
  5587 | D:6      | Found a sacrificial altar of Ru.
  5591 | D:6      | Found a basalt altar of Yredelemnul.
  5591 | D:6      | Found an ancient bone altar of Kikubaaqudgha.
  5596 | D:6      | XOM: mild Hex miscast
  5615 | D:6      | Found a sparkling altar of Nemelex Xobeh.
  5652 | D:6      | Reached skill level 8 in Polearms
  5719 | D:6      | XOM: god gift: 46 gold pieces
  5765 | D:6      | Reached XP level 9. HP: 68/68 MP: 9/9
  5851 | D:6      | XOM: noise
  5859 | D:6      | XOM: 1-stop teleportation journey
  5888 | D:6      | Got a transparent turquoise ring
  5890 | D:6      | Identified the ring "Ucos" {rN+ Str+4 Int+4 SInv Stlth-} (You found it on level 6 of the Dungeon)
  5935 | D:6      | Found a blossoming altar of Fedhas.
  6092 | D:6      | XOM: summons 2 friendly demons
  6123 | D:6      | XOM: noise
  6404 | D:6      | XOM: cloud trail
  6431 | D:6      | Gained mutation: Your magical capacity is low. (-10% MP) [potion of mutation]
  6433 | D:6      | Reached skill level 12 in Polearms
  6433 | D:6      | Gained mutation: You have claws for hands. [demonic ancestry]
  6433 | D:6      | Reached XP level 10. HP: 76/76 MP: 9/9
  6598 | D:7      | XOM: cloud trail
  6624 | D:7      | Paralysed by a hornet for 1 turns
  7047 | D:7      | Reached skill level 13 in Polearms
  7081 | D:7      | XOM: cloud trail
  7401 | D:8      | Noticed Psyche
  7411 | D:8      | Killed Psyche
  7411 | D:8      | Reached skill level 5 in Armour
  7452 | D:8      | Reached skill level 5 in Dodging
  7762 | D:8      | Found a hide-covered altar of Uskayaw.
  7967 | D:8      | XOM: harmless Fire miscast
  8021 | D:8      | Got a ring of the Octopus King
  8540 | D:9      | Noticed Joseph
  8546 | D:9      | XOM: mild Tmut miscast
  8550 | D:9      | XOM: blink monster(s)
  8566 | D:9      | Killed Joseph
  8566 | D:9      | Reached skill level 1 in Shields
  8609 | D:9      | Found a hide-covered altar of Uskayaw.
  8624 | D:9      | XOM: divination: magic mapping
  8654 | D:9      | XOM: cast spell 'Confusing Touch'
  8665 | D:9      | Gained mutation: You are significantly more attuned to the shadows. [demonic ancestry]
  8665 | D:9      | Reached XP level 11. HP: 70/81 MP: 9/9
  8694 | D:9      | XOM: harmless Erth miscast
  8724 | D:9      | Found a snail-covered altar of Cheibriados.
  8750 | D:9      | XOM: potion effect (brilliance)
  9029 | D:10     | Entered Level 10 of the Dungeon
  9655 | D:10     | XOM: harmless Tloc miscast
  9678 | D:10     | XOM: divination: detect creatures
 10122 | D:11     | Identified a scroll of acquirement
 10129 | D:11     | Gained mutation: You are robust. (+10% HP) [potion of beneficial mutation]
 10197 | D:11     | Found a hazy altar of Hepliaklqana.
 10234 | D:11     | Noticed a hill giant
 10239 | D:11     | Killed a hill giant
 10347 | D:11     | XOM: medium Tmut miscast
 10494 | D:11     | XOM: cloud trail
 10642 | D:11     | Found a staircase to the Lair.
 10668 | Lair:1   | Entered Level 1 of the Lair of Beasts
 10774 | Lair:1   | XOM: divination: detect items
 10793 | Lair:1   | Found a frozen archway.
 10795 | Lair:1   | XOM: noise
 10807 | IceCv    | Entered an ice cave
 10816 | IceCv    | Mangled by an alligator simulacrum

Skill      XL: |  1  2  3  4  5  6  7  8  9 10 11 |
---------------+----------------------------------+-----
Polearms       | 3 5 6 8 12 13 | 13.8
Dodging        | 1 2 3 4 5 |  5.5
Armour         | 2 3 4 5 |  5.7
Unarmed Combat | 1 |  1.9
Fighting       | 4 5 6 |  6.8
Shields        | 2 3 |  3.8

Action                   |  1- 3 |  4- 6 |  7- 9 | 10-12 || total
-------------------------+-------+-------+-------+-------++-------
Melee: Spear             |   118 |   225 |     7 |       ||   350
       Trident           |       |       |   302 |   445 ||   747
       Unarmed           |       |       |    36 |       ||    36
       Headbutt          |       |       |    41 |    92 ||   133
       Punch             |       |       |     1 |       ||     1
       Bardiche          |       |       |       |    72 ||    72
  Use: Scroll            |       |       |    15 |     8 ||    23
       Potion            |       |       |     9 |     5 ||    14
 Stab: Paralysed         |     3 |       |       |       ||     3
       Confused          |       |     1 |     1 |       ||     2
       Petrified         |       |     2 |       |       ||     2
       Petrifying        |       |     1 |       |       ||     1
       Invisible         |       |       |       |     1 ||     1
  Eat: Chunk             |     2 |     3 |     5 |     9 ||    19
       Bread ration      |       |     1 |     1 |     2 ||     4
Armor: Ring mail         |    26 |       |       |       ||    26
       Chain mail        |    12 |    77 |       |       ||    89
       Skin              |       |    13 |       |       ||    13
       Plate armour      |       |    17 |   192 |   231 ||   440
Dodge: Dodged            |    37 |    49 |   133 |   133 ||   352
